 Dungeon Crawl Stone Soup version 0.25.1-2-g60ff931df9 (webtiles) character file.

Game seed: 1857725725450554251

67 pokeman the Magician (level 3, -9/20 HPs)
             Began as a Deep Elf Wizard on Oct 4, 2020.
             Killed by divine providence
             ... invoked by an orc priest
              (13 damage)
             ... on level 4 of the Dungeon.
             The game lasted 00:02:53 (1918 turns).

pokeman the Magician (Deep Elf Wizard)              Turns: 1918, Time: 00:02:53

Health: -9/20      AC:  2    Str:  4    XL:     3   Next: 98%
Magic:  9/11       EV: 13    Int: 23    God:
Gold:   79         SH:  0    Dex: 13    Spells: 1/12 levels left

rFire    . . .     SeeInvis .   (no weapon)
rCold    . . .     Gourm    .   (no shield)
rNeg     . . .     Faith    .   a - +0 robe
rPois    .         Spirit   .   b - +0 hat
rElec    .         Reflect  .   (no cloak)
rCorr    .         Harm     .   (no gloves)
MR       .....                  (no boots)
Stlth    ++........             l - amulet of magic regeneration
HPRegen  0.06/turn              (no ring)
MPRegen  0.37/turn              (no ring)

@: very slightly contaminated
A: no striking features
a: no special abilities


You were on level 4 of the Dungeon.
You were not hungry.

You visited 1 branch of the dungeon, and saw 3 of its levels.

You collected 79 gold pieces.

Inventory:

Missiles
 s - 25 bolts
Armour
 a - a +0 robe (worn)
 b - a +0 hat (worn)
Jewellery
 l - an amulet of magic regeneration (around neck)
Wands
 r - a wand of flame (18)
Scrolls
 e - 3 scrolls of teleportation {unknown}
 h - a scroll of immolation {unknown}
 j - 2 scrolls of identify {unknown}
 k - 2 scrolls of noise {unknown}
 n - a scroll of fog {unknown}
 o - a scroll of remove curse {unknown}
 p - a scroll of enchant weapon {unknown}
Potions
 c - 4 potions of heal wounds {unknown}
 g - a potion of curing {unknown}
 i - a potion of brilliance {unknown}
 m - a potion of stabbing {unknown}
 q - a potion of mutation {unknown}
Comestibles
 d - 6 rations
 f - a chunk of flesh


   Skills:
 - Level 1.0 Fighting
 - Level 1.0 Armour
 - Level 2.4 Dodging
 - Level 2.4 Stealth
 * Level 5.4 Spellcasting
 * Level 2.1 Conjurations
 - Level 1.1 Summonings
 - Level 1.1 Translocations
 + Level 0.4 Fire Magic
 + Level 0.2 Air Magic


You had one spell level left.
You knew the following spells:

 Your Spells              Type           Power        Failure   Level  Hunger
a - Magic Dart            Conj           ###.         3%          1    None
b - Mephitic Cloud        Conj/Pois/Air  #.......     21%         3    ##.....
c - Call Imp              Summ           ##......     9%          2    None
d - Blink                 Tloc           N/A          9%          2    None
e - Conjure Flame         Conj/Fire      ##......     16%         3    ##.....

Your spell library contained the following spells:

 Spells                   Type           Power        Failure   Level  Hunger
 Slow                     Hex            #.......     14%         2    None


Dungeon Overview and Level Annotations

Branches:
Dungeon (2/15)

Altars:
Nemelex Xobeh


Message History

The howler monkey hits you!
The orc is engulfed in noxious fumes.
The orc appears confused.
The orc is engulfed in noxious fumes.
The orc appears confused.
Unknown command.
The hound bites the orc wizard.
The orc closely misses you.
The howler monkey hoots and howls with incredible vigour!
The orc wizard hits the orc priest with a +0 dagger.
The orc hits you.
Unknown command.
The orc priest barely misses the orc wizard.
The howler monkey hoots and howls with incredible vigour!
The hound bites the orc priest.
The hound bites itself but does no damage.
Unknown command.
The orc hits you with a +0 flail.
* * * LOW HITPOINT WARNING * * *
The orc priest mumbles some strange prayers to Beogh against you.
Beogh smites you!
Ouch! That really hurt!
You die...

........#
........##
..............#
#......?......##
#.)............#
#.....o..(.....#
#......oo......#
#.....o.....@..#
#.....o...oo...##
#......o...o....#
##.......h.....##
#....$h......##
##...........#
###.........#
##.......##
##......#


You could see a howler monkey (catching breath), a hound (confused), 2 orc
priests, an orc wizard (confused) and 6 orcs.

Vanquished Creatures
  2 adders (D:2)
  A worm (D:2)
  2 dart slugs (D:1)
  2 leopard geckos (D:1)
  A ball python (D:1)
  A giant cockroach (D:1)
  6 goblins
  5 hobgoblins
  8 bats
  3 frilled lizards
  5 kobolds
  6 rats
42 creatures vanquished.

Notes
Turn   | Place    | Note
-------+----------+-------------------------------------------
     0 | D:1      | pokeman the Deep Elf Wizard began the quest for the Orb.
     0 | D:1      | Reached XP level 1. HP: 10/10 MP: 7/7
    32 | D:1      | Found a sparkling altar of Nemelex Xobeh.
   230 | D:1      | Reached XP level 2. HP: 15/15 MP: 4/9
   610 | D:1      | Reached skill level 5 in Spellcasting
   833 | D:1      | Reached XP level 3. HP: 11/20 MP: 5/11
   838 | D:1      | Learned a level 3 spell: Mephitic Cloud
   841 | D:1      | Learned a level 2 spell: Call Imp
   844 | D:1      | Learned a level 2 spell: Blink
   848 | D:1      | Learned a level 3 spell: Conjure Flame
  1504 | D:2      | Reached skill level 1 in Fighting
  1534 | D:2      | Reached skill level 1 in Armour
  1908 | D:2      | You fall into a shaft and drop 2 floors!
  1918 | D:4      | Killed from afar by an orc priest

Illustrated notes

Levels and vault maps discovered:
D:1:      lemuel_arrival_broad_hall, layout_loops_ring,
          nemelex_xobeh_ov_fountains_minmay
D:2:      layout_rooms
D:4:      layout_cave_pods, led_sif_pool, minmay_temple_entry_from_below_a,
          nicolae_elemental_shop

Skill      XL: |  1  2  3 |
---------------+----------+-----
Spellcasting   | 5 |  5.4
Fighting       | 1 |  1.0
Armour         | 1 |  1.0
Conjurations   | 2 |  2.1
Dodging        | |  2.4
Stealth        | |  2.4
Summonings     | |  1.1
Translocations | |  1.1
Fire Magic     | |  0.4
Air Magic      | |  0.2

Action                   || total
-------------------------++-------
 Cast: Magic Dart        ||   101
       Mephitic Cloud    ||     1
  Eat: Chunk             ||     3
Armor: Robe              ||     5
Dodge: Dodged            ||    14
